 Dungeon Crawl Stone Soup version 0.29-a0-541-gaf1fc19f1b (webtiles) character file.

Game seed: 1751486097141515744

92 ytrimaz the Shield-Bearer (level 4, 0/34 (35) HPs)
             Began as a Formicid Fighter on June 3, 2022.
             Slain by Terence
             ... wielding the +12 glaive of Bodily Harmony {vorpal, Str+3}
              (11 damage)
             ... on level 2 of the Dungeon.
             The game lasted 00:03:39 (1965 turns).

ytrimaz the Shield-Bearer (Formicid Fighter)        Turns: 1965, Time: 00:03:39

HP:   0/34 (35)     AC:  8    Str: 23    XL:     4   Next: 90%
MP:   4/4           EV:  9    Int:  7    God:
Gold: 65            SH:  4    Dex: 10    Spells: 3/3 levels left

rFire   . . .      SeeInvis +   a - +0 war axe
rCold   . . .      Faith    .   c - +0 buckler
rNeg    . . .      Spirit   .   b - +0 scale mail
rPois   .          Reflect  .   (helmet unavailable)
rElec   .          Harm     .   (no cloak)
rCorr   .          Rampage  .   (no gloves)
Will    .....                   g - +0 pair of boots
Stlth   ..........              (no amulet)
HPRegen 0.11/turn               (no ring)
MPRegen 0.09/turn               (no ring)

@: lightly drained
A: permanent stasis, dig shafts and tunnels, antennae 3, four strong arms
a: Dig, Shaft Self


You were on level 2 of the Dungeon.
You visited 1 branch of the dungeon, and saw 2 of its levels.

You collected 65 gold pieces.

Inventory:

Hand Weapons
 a - a +0 war axe (weapon)
Armour
 b - a +0 scale mail (worn)
 c - a +0 buckler (worn)
 g - a +0 pair of boots (worn)
Jewellery
 k - an amulet of faith
Wands
 n - a wand of polymorph (7)
Scrolls
 h - a scroll of identify
 i - a scroll of enchant weapon
Potions
 d - a potion of might
 e - a potion of ambrosia {unknown}
 f - a potion of berserk rage {unknown}
 j - a potion of degeneration {unknown}
 l - a potion of curing {unknown}
 m - 2 potions of invisibility {unknown}


   Skills:
 - Level 3.2 Fighting
 * Level 2.3 Short Blades
 + Level 3.8 Axes
 - Level 3.2 Armour
 - Level 4.0 Shields


You had 3 spell levels left.
You didn't know any spells.
Your spell library was empty.

Dungeon Overview and Level Annotations

Branches:
Dungeon (2/15)

Altars:

Shops:
D:1 *:::*

Annotations:
D:2 Terence


Innate Abilities, Weirdness & Mutations

You cannot be hasted, slowed, berserked, paralysed or teleported.
You can dig through walls and to a lower floor.
You have a pair of large antennae on your head. (SInv)
Your four strong arms can wield two-handed weapons with a shield.


Message History

An endoplasm is nearby!
An endoplasm is nearby!
An endoplasm is nearby!
There is an open door here.
You block the endoplasm's attack.
You barely miss the endoplasm. The endoplasm freezes you.
You are frozen.
You slash the endoplasm!
You kill the endoplasm!
Found a stone staircase leading up.
There is an open door here.
A rat comes into view.
A rat is nearby!
A rat is nearby!
A rat is nearby!
The rat misses you.
You hit the rat but do no damage. The rat misses you.
You closely miss the rat. The rat bites you but does no damage.
You barely miss the rat. The rat bites you but does no damage.
The rat bites you.
A rat is nearby!
You closely miss the rat. The rat closely misses you.
A rat is nearby!
You barely miss the rat. The rat barely misses you.
A rat is nearby!
You slash the rat!
You kill the rat!
You see here a rat corpse.
Key pressed, stopping explore.
You sense a monster nearby.
Terence shouts!
Terence is nearby!
Terence is nearby!
Terence hits you with the +12 glaive of Bodily Harmony {vorpal, Str+3}!
You barely miss Terence.
Terence hits you with the +12 glaive of Bodily Harmony {vorpal, Str+3}!
You barely miss Terence.
Terence hits you with the +12 glaive of Bodily Harmony {vorpal, Str+3}!
You die...

#####......#########
#......# ######.#
#.####### #.......#
#######.# ##
#######.############
≈≈
...................#
≈.
#######@##########.#
.. #@# #.# .. #†#
#.# .# #.# #.# ##
#.# #.# #.# #.#
#.##########.#
#............#
##############


You could see Terence.

Vanquished Creatures
  Jessica (D:2)
  3 adders (D:2)
  A gnoll (D:1)
  2 ball pythons
  4 endoplasms
  A giant cockroach (D:1)
  A goblin (D:2)
  5 hobgoblins
  A quokka (D:2)
  5 bats
  A frilled lizard (D:2)
  3 kobolds (D:2)
  3 rats (D:2)
31 creatures vanquished.

Notes
Turn   | Place    | Note
-------+----------+-------------------------------------------
     0 | D:1      | ytrimaz the Formicid Fighter began the quest for the Orb.
     0 | D:1      | Reached XP level 1. HP: 18/18 MP: 1/1
   123 | D:1      | Found Nuqomiph's Book Boutique.
   164 | D:1      | Found Xilinok's Assorted Antiques.
   195 | D:1      | Found Nasur's Book Shop.
   279 | D:1      | Reached XP level 2. HP: 24/24 MP: 2/2
   286 | D:1      | Found Teceoxus's General Store.
   368 | D:1      | Found Naikimux's Book Shop.
   389 | D:1      | Reached skill level 1 in Short Blades
   849 | D:2      | Reached XP level 3. HP: 29/29 MP: 3/3
  1052 | D:2      | Reached XP level 4. HP: 24/35 MP: 4/4
  1512 | D:2      | Noticed Jessica
  1520 | D:2      | Killed Jessica
  1692 | D:2      | Noticed Terence
  1962 | D:2      | Identified the +12 glaive of Bodily Harmony {vorpal, Str+3}
  1965 | D:2      | Slain by Terence

Illustrated notes

Levels and vault maps discovered:
D:1:      erik_arrival_blinker_ship, layout_loops_ring, serial_shops,
          nicolae_shop_crystal, nicolae_shop_hallway_plus, nicolae_shop_crystal,
          nicolae_shop_trees, shop
D:2:      minmay_wonky_spiral, layout_basic, chequers_serial_rivers_micro_e,
          uniq_jessica, uniq_terence

Skill      XL: |  1  2  3  4 |
---------------+-------------+-----
Short Blades   | 1 2 |  2.3
Axes           | 3 |  3.8
Fighting       | |  3.2
Armour         | |  3.2
Shields        | |  4.0

Action                   |  1- 3 |  4- 6 || total
-------------------------+-------+-------++-------
Melee: War axe           |    54 |    48 ||   102
 Abil: Dig               |     1 |       ||     1
  Use: Scroll            |     2 |     1 ||     3
Armor: Scale mail        |    39 |    21 ||    60
Dodge: Dodged            |    30 |    33 ||    63
Block: Buckler           |    14 |    12 ||    26

Table legend: (Time is in decaauts)
 A = Elapsed time spent in this place.
 B = Non-inter-level travel time spent in this place.
 C = Inter-level travel time spent in this place.
 D = Time resting spent in this place.
 E = Time spent auto-exploring this place.
 F = Levels seen in this place.
 G = Mean time per level.
                   A        B        C        D        E       F      G
               +--------+--------+--------+--------+--------+-----+--------+
         Total |   2001 |   1953 |     48 |    100 |   1502 |   2 | 1000.5 |
       Dungeon |   2001 |   1953 |     48 |    100 |   1502 |   2 | 1000.5 |
               +--------+--------+--------+--------+--------+-----+--------+

Top non-repeatable levels by time:
     D:2: 1195 daAuts
     D:1: 806 daAuts
